 Dungeon Sprint DCSS version 0.27.0-65-ge2af304b15 (webtiles) character file.

Game seed: 2044225577881884647

455 ABBCCCDDDD the Cleaver (level 6, -17/96 HPs)
             Began as a Minotaur Berserker on Aug 18, 2021.
             Was a Priest of Trog.
             Demolished by a boulder beetle (25 damage)
             ... in the Dungeon (Sprint II: "The Violet Keep of Menkaure").
             The game lasted 00:01:09 (664 turns).

ABBCCCDDDD the Cleaver (Minotaur Berserker)          Turns: 664, Time: 00:01:10

Health: -17/96     AC:  2    Str: 23    XL:     6   Next: 76%
Magic:  5/5        EV: 14    Int:  4    God:    Trog [***...]
Gold:   486        SH:  0    Dex: 10    Spells: 5/5 levels left

rFire    . . .     SeeInvis .   a - +0 hand axe
rCold    . . .     Faith    .   (no shield)
rNeg     . . .     Spirit   .   b - +0 animal skin
rPois    .         Reflect  .   (helmet restricted)
rElec    .         Harm     .   (no cloak)
rCorr    .         Rampage  .   (no gloves)
Will     .....     NoTele   +   (no boots)
Stlth    ..........             (no amulet)
HPRegen  0.26/turn              (no ring)
MPRegen  0.09/turn              (no ring)

@: berserking, very quick
A: horns 2, retaliatory headbutt
a: Renounce Religion, Berserk, Trog's Hand


You were in the Dungeon.
You worshipped Trog.
Trog was most pleased with you.
You visited 1 branch You collected 486 gold pieces.

Inventory:

Hand Weapons
 a - a +0 hand axe (weapon)
Armour
 b - a +0 animal skin (worn)
Scrolls
 h - a scroll of blinking
Potions
 c - a potion of curing
 d - a potion of heal wounds
 e - a potion of haste
 f - 2 potions of magic
 g - a potion of berserk rage


   Skills:
 + Level 9.4 Fighting
 + Level 9.4 Axes
 + Level 9.1 Armour
 + Level 8.3 Dodging


You had 5 spell levels left.
You didn't know any spells.
Your spell library was empty.

Dungeon Overview and Level Annotations

Branches:
Dungeon (1/1)

Altars:

Shops:
D :!:![=*(:[(=?*(

Annotations:
D exclusion: oklob plant


Innate Abilities, Weirdness & Mutations

You have a pair of horns on your head.
You reflexively headbutt those who attack you in melee.


Message History

HP restored.
You now have enough gold to buy a ring of the Octopus King {rCorr AC+1 EV+1 Str+1 Int+1 Dex+1} on this level.
You can access your shopping list by pressing '$'.
You now have 486 gold pieces (gained 243).
Things that are here:
a +0 spear; a merfolk skeleton
There is an open door, spattered with blood here.
You open the door. 2 boulder beetles come into view.
Found 243 gold pieces.
A red film seems to cover your vision as you go berserk!
You feel yourself moving faster!
You feel mighty!
You hit the boulder beetle but do no damage.
You headbutt the boulder beetle!
The boulder beetle is lightly wounded.
The boulder beetle bites you!!
You barely miss the boulder beetle.
You headbutt the boulder beetle, but do no damage.
The boulder beetle is lightly wounded.
The boulder beetle misses you.
You hit the boulder beetle but do no damage.
The boulder beetle is lightly wounded.
You slash the boulder beetle!
The boulder beetle is lightly wounded.
The boulder beetle leaps!
There is an open door here.
You hit the boulder beetle but do no damage.
The boulder beetle bites you!!
You hit the boulder beetle but do no damage. x2
The boulder beetle bites you. The boulder beetle bites you!!
* * * LOW HITPOINT WARNING * * *
You slash the boulder beetle!
The boulder beetle is lightly wounded.
You hit the boulder beetle but do no damage.
You hit the boulder beetle but do no damage.
The boulder beetle is lightly wounded.
You hit the boulder beetle. The boulder beetle bites you!
* * * LOW HITPOINT WARNING * * *
The boulder beetle bites you!!
You die...

########≈≈#++
#######≈≈≈...
..∩.∩.#≈≈≈≈.#
.∩.∩..#≈≈≈≈#
∩.∩...#≈≈≈≈#
.∩....#≈≈### ##
..∩...#≈##.# #+# #.##
.∩.∩..#≈###.##.##B.$#
..∩.∩.'≈'.##'.<.@#
...∩.∩#≈#...##.##B..#
▓▓▓▓###≈##.###'###.##
G######≈≈####.).####


G#S ##≈≈≈#..#..# :+S +#≈##...## $ ! ≈≈##+## . ≈≈ You could see 2 boulder
beetles.

Levels and vault maps discovered:
D:        the_violet_keep_of_menkaure [sprint2_stairs_cluster_1,
          sprint2_shoproom, sprint2_temple, sprint2_basic_supplies,
          sprint2_obstacle_2, sprint2_obstacle_1, sprint2_obstacle_7,
          sprint2_obstacle_4, sprint2_obstacle_6, sprint2_timed_cluster_1,
          sprint2_smallroom_cluster_1, sprint2_smallroom_final_cluster_1,
          sprint2_transparent_cluster_1, sprint2_second_timed_cluster_1,
          sprint2_sniper_area_1, sprint2_heavy_combat_area_1,
          sprint2_mutation_trap_area_1, sprint2_forest_area_1,
          sprint2_light_combat_area_1, sprint2_behind_water_1,
          sprint2_near_end_vault_1]

Notes
Turn   | Place    | Note
-------+----------+-------------------------------------------
     0 | D        | ABBCCCDDDD the Minotaur Berserker began the quest for the
                  | Orb.
     0 | D        | Reached XP level 1. HP: 19/19 MP: 0/0
     9 | D        | Reached ** piety under Trog
    10 | D        | Reached XP level 2. HP: 25/28 MP: 1/1
   134 | D        | Found Iriops's Antique Weapon Shop.
   134 | D        | Found Hukasch's Jewellery Boutique.
   134 | D        | Found Vuc Ace's Antique Weapon Shop.
   134 | D        | Found Upoyff's Weapon Boutique.
   134 | D        | Found Suffoy's General Store.
   134 | D        | Found Zirusk's Antique Armour Shop.
   134 | D        | Found Emnutoar's Jewellery Boutique.
   135 | D        | Found Toceinuf's Antique Armour Boutique.
   135 | D        | Found Raidwoch's Distillery.
   135 | D        | Found Pota's Book Boutique.
   135 | D        | Found Peret's Magic Scroll Shop.
   136 | D        | Found Qoyfuwk's Distillery.
   136 | D        | Noticed a shining eye
   137 | D        | Found Xoac's Assorted Antiques.
   137 | D        | Found Cemischo's Book Shop.
   137 | D        | Noticed a shining eye
   138 | D        | Noticed Menkaure
   138 | D        | Noticed a shining eye
   138 | D        | Noticed an oklob plant
   139 | D        | Found Nyvor's Book Shoppe.
   153 | D        | Killed Menkaure
   154 | D        | Reached skill level 5 in Dodging
   154 | D        | Reached XP level 3. HP: 13/38 MP: 2/2
   154 | D        | Reached XP level 4. HP: 16/45 MP: 3/3
   366 | D        | Killed a water moccasin
   369 | D        | Noticed a death yak
   370 | D        | Noticed a water moccasin
   370 | D        | Noticed a water moccasin
   395 | D        | Noticed a merfolk siren
   403 | D        | Killed a merfolk siren
   403 | D        | Reached *** piety under Trog
   404 | D        | Reached XP level 5. HP: 16/57 MP: 4/4
   404 | D        | Reached XP level 6. HP: 19/64 MP: 5/5
   654 | D        | Noticed a boulder beetle
   654 | D        | Noticed a boulder beetle
   664 | D        | Demolished by a boulder beetle

Table legend: (Time is in decaauts)
 A = Elapsed time spent in this place.
 B = Non-inter-level travel time spent in this place.
 C = Inter-level travel time spent in this place.
 D = Time resting spent in this place.
 E = Time spent auto-exploring this place.
 F = Levels seen in this place.
 G = Mean time per level.
                   A        B        C        D        E       F      G
               +--------+--------+--------+--------+--------+-----+--------+
         Total |    697 |    697 |      0 |    603 |      0 |   1 |  697.0 |
       Dungeon |    697 |    697 |      0 |    603 |      0 |   1 |  697.0 |
               +--------+--------+--------+--------+--------+-----+--------+

Top non-repeatable levels by time:
       D: 697 daAuts

Table legend:
 A = Kills in this place as a percentage of kills in entire the game.
 B = Kills by you in this place as a percentage of kills by you in the entire game.
 C = Kills by friends in this place as a percentage of kills by friends in the entire game.
 D = Other kills in this place as a percentage of other kills in the entire game.
 E = Experience gained in this place as a percentage of experience gained in the entire game.
 F = Experience gained in this place divided by the number of levels of this place that you have seen.
                   A       B       C       D       E      F
               +-------+-------+-------+-------+-------+----------------------
         Total | 100.0 | 100.0 |   N/A |   N/A | 100.0 | 650.0
       Dungeon | 100.0 | 100.0 |   N/A |   N/A | 100.0 | 650.0
               +-------+-------+-------+-------+-------+----------------------

Action                   |  1- 3 |  4- 6 || total
-------------------------+-------+-------++-------
Melee: Hand axe          |    12 |    14 ||    26
       Headbutt          |     1 |     3 ||     4
Invok: Berserk           |     2 |     2 ||     4
Armor: Animal skin       |     1 |       ||     1
Dodge: Dodged            |     1 |     2 ||     3

Vanquished Creatures
  A merfolk siren (D)
  Menkaure (D)
  3 worms (D)
5 creatures vanquished.

Vanquished Creatures (others)
  A water moccasin (D)
1 creature vanquished.

Grand Total: 6 creatures vanquished
